 Dungeon Crawl Stone Soup version 0.31-a0-102-g33a4ccc0cb (webtiles) character file.

Game seed: 14574765258929648527

9 Esekla the Sneak (level 2, 21/21 HPs)
             Began as an Octopode Delver on May 26, 2023.
             Quit the game in the Ecumenical Temple.
             The game lasted 00:02:10 (252 turns).

Esekla the Sneak (Octopode Delver)                   Turns: 252, Time: 00:02:11

Health: 21/21      AC:  1    Str: 11    XL:     2   Next: 12%
Magic:  2/2        EV: 13    Int: 12    God:
Gold:   13         SH:  0    Dex: 13    Spells: 1/1 levels left

rFire   . . .        a - +0 falchion
rCold   . . .        (no shield)
rNeg    . . .        (helmet restricted)
rPois   .            (no amulet)
rElec   .            (no ring)
rCorr   .            (no ring)
SInv    .            (no ring)
Will    .....        (no ring)
Stlth   ++++         (no ring)
HPRegen 0.23/turn    (no ring)
MPRegen 0.08/turn    (no ring)
                     (no ring)

%: no passive effects
@: no status effects
A: almost no armour, amphibious, 8 rings, camouflage 1, gelatinous body 1,
(nimble swimmer 1), tentacles
a: no special abilities


You were in the Ecumenical Temple.
You visited 2 branches of the dungeon, and saw 2 of its levels.

You collected 13 gold pieces.

Inventory:

Hand Weapons
 a - a +0 falchion (weapon)
Missiles
 c - 2 boomerangs (quivered)
Wands
 f - a wand of digging (3)
Scrolls
 b - a scroll of fog
Potions
 e - a potion of haste


   Skills:
 * Level 3.1 Fighting
 * Level 2.0 Long Blades
 * Level 2.1 Dodging
 + Level 6.8 Stealth
 * Level 0.3 Spellcasting


You had one spell level left.
You didn't know any spells.
Your spell library was empty.

Dungeon Overview and Level Annotations

Branches:
Dungeon (5/15)             Temple (1/1) D:5

Altars:
Ashenzari
Cheibriados
Dithmenos
Elyvilon
Fedhas
Makhleb
Nemelex Xobeh
Okawaru
Qazlal
Uskayaw
Wu Jian
Xom
The Shining One


Innate Abilities, Weirdness & Mutations

You cannot wear most types of armour.
You are amphibious.
You can wear up to eight rings at the same time.
Your skin changes colour to match your surroundings (Stealth+).
Your rubbery body absorbs attacks. (AC +1, EV +1)
((You are camouflaged when in or above water. (Stealth+)))
You have tentacles for arms and can constrict up to eight enemies at once.


Message History

You slash the adder! Your grab misses the adder. Your squeeze misses the adder.
The adder is almost dead.
The adder closely misses you. x2
You barely miss the adder. You grab the adder.
You squeeze the adder, but do no damage.
The adder is almost dead.
You constrict the adder.
You kill the adder!
You have reached level 2!
You start resting.
An iguana comes into view.
An iguana is nearby!
Found a staircase to the Ecumenical Temple.
You see here an adder corpse.
Found an encrusted brass wand.
Found a dagger.
There is a staircase to the Ecumenical Temple here.
You climb downwards.
Welcome to the Ecumenical Temple!
There is a staircase back to the Dungeon here.
HP restored.
Found a blossoming altar of Fedhas.
Found a shimmering altar of Xom.
Found a white marble altar of Elyvilon.
Found a burning altar of Makhleb.
You open the door.
Found a shadowy altar of Dithmenos and an iron altar of Okawaru.
Found two altars.
There is an open door here.
Found a broken altar of Ashenzari and a stormy altar of Qazlal.
There is an open door here.
Found a snail-covered altar of Cheibriados.
There is an empty arch of ancient stone here.
Found a sparkling altar of Nemelex Xobeh.
Found a hide-covered altar of Uskayaw.
There is a staircase back to the Dungeon here.
There is an empty arch of ancient stone here.
Done exploring.
Search for what [? for help]?
Gozag Can't find anything matching that.
Are you sure you want to abandon this character and quit the game? (Confirm with "yes".)

♣♣♣♣ ♣♣♣♣ ♣_.♣♣ ♣♣@_♣
♣♣..♣♣ ♣♣..♣♣ ♣♣
♣♣..♣♣ ♣♣..♣♣ ♣♣♣ _♣♣
♣♣..♣♣♣♣♣..♣♣ ♣♣_♣
..♣♣ ♣♣...∩...♣♣ ♣♣..♣
♣..♣♣♣........♣♣♣♣..♣♣
♣♣..♣....###...♣♣..♣♣
♣♣....###.###....♣♣
♣♣...#_..._#...♣♣


There were no monsters in sight!

Vanquished Creatures
  An adder (D:5)
1 creature vanquished.

Notes
Turn   | Place    | Note
-------+----------+-------------------------------------------
     0 | D:5      | Esekla the Octopode Delver began the quest for the Orb.
     0 | D:5      | Reached XP level 1. HP: 16/16 MP: 1/1
    33 | D:5      | Noticed an ice beast
    33 | D:5      | Noticed an ice beast
    45 | D:5      | Noticed a scorpion
    96 | D:5      | Reached XP level 2. HP: 17/21 MP: 2/2
    97 | D:5      | Found a staircase to the Ecumenical Temple.
   106 | Temple   | Entered the Ecumenical Temple
   252 | Temple   | Quit the game

Illustrated notes

Levels and vault maps discovered:
D:5:      layout_cave_pods, minmay_temple_entry_mini_moons,
          minmay_hollow_rounded_squares, uniq_pikel, uniq_menkaure,
          uniq_eustachio
Temple:   hellmonk_temple_forest_ring

Action                     || total
---------------------------++-------
  Melee: Falchion          ||     4
         Constrict         ||     1
         Tentacles         ||     1
    Use: Scroll            ||     2
   Stab: Sleeping          ||     1
  Dodge: Dodged            ||     3

Table legend: (Time is in decaauts)
 A = Elapsed time spent in this place.
 B = Non-inter-level travel time spent in this place.
 C = Inter-level travel time spent in this place.
 D = Time resting spent in this place.
 E = Time spent auto-exploring this place.
 F = Levels seen in this place.
 G = Mean time per level.
                   A        B        C        D        E       F      G
               +--------+--------+--------+--------+--------+-----+--------+
         Total |    252 |    252 |      0 |      0 |    135 |   2 |  126.0 |
       Dungeon |    106 |    106 |      0 |      0 |      0 |   1 |  106.0 |
        Temple |    145 |    145 |      0 |      0 |    135 |   1 |  145.0 |
               +--------+--------+--------+--------+--------+-----+--------+

Top non-repeatable levels by time:
  Temple: 145 daAuts
     D:5: 106 daAuts
